 Dungeon Crawl Stone Soup version 0.29-a0-1065-g47a6bb87d6 (webtiles) character file.

Game seed: 5201520801350242539

82098 Newt the Carver (level 15, -1/102 (115) HPs)
             Began as a Demonspawn Gladiator on Aug 18, 2022.
             Was the Champion of Dithmenos.
             Slain by a ghost moth (10 damage)
             ... on level 1 of the Spider Nest.
             The game lasted 01:13:51 (20705 turns).

Newt the Carver (Demonspawn Gladiator)             Turns: 20705, Time: 01:13:52

HP:   -1/102 (115)  AC: 19    Str: 27      XL:     15   Next: 28%
MP:   0/22          EV: 13    Int: 10 (12) God:    Dithmenos [******]
Gold: 1291          SH:  6    Dex: 17 (20) Spells: 14/14 levels left

rFire   . . .      SeeInvis .   a - +2 dagger (elec)
rCold   . . .      Faith    .   w - +0 buckler
rNeg    . . .      Spirit   +   u - +6 ring mail "Uraozyown" {Str+4}
rPois   +          Reflect  .   (helmet unavailable)
rElec   .          Harm     .   I - +0 cloak
rCorr   .          Rampage  .   N - +2 pair of gloves {Stlth+}
Will    +++..                   t - +0 pair of boots "Boqo" {Fly rPois Int+3} Stlth ***+++++++
                                J - amulet of regeneration
HPRegen 1.07/turn               e - ring of willpower
MPRegen 0.36/turn               X - +4 ring of slaying

@: flying, wreathed by umbra, studying Long Blades, heavily drained
A: horns 3, thin skeletal structure 3, ignite blood 1, magic shield, magic
regeneration, strong-willed 1, mutation resistance 1
a: Renounce Religion, Shadow Step, Shadow Form


You were on level 1 of the Spider Nest.
You worshipped Dithmenos.
Dithmenos was exalted by your worship.
You visited 4 branches of the dungeon, and saw 19 of its levels.
You also visited: Sewer, Bailey and Gauntlet.

You collected 1441 gold pieces.
You spent 150 gold pieces at shops.

Inventory:

Hand Weapons
 a - a +2 dagger of electrocution (weapon)
 b - a +0 vampiric long sword
 H - a +0 vorpal falchion
 S - a +3 scimitar
 Y - a +1 rapier of venom
Missiles
 d - 4 throwing nets (quivered)
 y - 5 datura-tipped darts
 T - a curare-tipped dart
Armour
 t - the +0 pair of boots "Boqo" (worn) {Fly rPois Int+3}
   (You found it in a Gauntlet)

   Int:       It affects your intelligence (+3).
   rPois:     It protects you from poison.
   Fly:       It grants you flight.
 u - the +6 ring mail "Uraozyown" (worn) {Str+4}
   (You found it on level 1 of the Lair of Beasts)

   Str:       It affects your strength (+4).
 w - a +0 buckler (worn)
 x - a +2 scale mail of fire resistance
 D - a +2 leather armour of poison resistance
 I - a +0 cloak (worn)
 K - a +3 chain mail of willpower
 N - a +2 pair of gloves of stealth (worn)
 U - +0 steam dragon scales
 V - +0 acid dragon scales
Jewellery
 e - a ring of willpower (left hand)
 s - the ring of Eklac {Drain rCorr Str+4 Dex+6}
   (You found it in a Gauntlet)

   [ring of dexterity]

   Str:       It affects your strength (+4).
   Dex:       It affects your dexterity (+6).
   rCorr:     It protects you from acid and corrosion.
   Drain:     It drains your maximum health when unequipped.
 A - the ring of Lacs {Ice Str+5 Stlth-}
   (You found it in a Gauntlet)

   [ring of ice]

   It enhances your ice magic.
   Str:       It affects your strength (+5).
   rF:        It makes you vulnerable to fire.
   rC:        It protects you from cold.
   Stlth:     It makes you less stealthy.
 J - an amulet of regeneration (around neck)
 X - a +4 ring of slaying (right hand)
Wands
 f - a wand of flame (4)
 j - a wand of iceblast (12)
 p - a wand of polymorph (12)
 M - a wand of paralysis (20)
 R - a wand of light (6)
Scrolls
 c - a scroll of immolation
 i - 4 scrolls of poison
 n - 4 scrolls of identify
 o - 6 scrolls of teleportation
 r - 2 scrolls of amnesia
 B - a scroll of fear
 E - a scroll of vulnerability
 P - 6 scrolls of enchant weapon
 Q - 3 scrolls of magic mapping
 Z - 2 scrolls of silence
Potions
 h - 8 potions of curing
 k - 2 potions of might
 m - 7 potions of brilliance
 z - 2 potions of ambrosia
 C - 8 potions of haste
 F - a potion of cancellation
 G - 3 potions of magic
 L - 4 potions of resistance
Miscellaneous
 g - a piece from Xom's chessboard (15/15)
 l - a box of beasts
 q - a box of beasts
 v - a tin of tremorstones (2/2)


   Skills:
 - Level 10.0 Fighting
 - Level 8.0(12.0) Short Blades
 - Level 14.2(15.0) Long Blades
 - Level 4.0 Throwing
 - Level 10.0 Armour
 - Level 5.0 Dodging
 - Level 7.3 Stealth
 - Level 8.0 Shields
 - Level 10.0 Invocations
 + Level 11.3 Evocations


You had 14 spell levels left.
You didn't know any spells.
Your spell library contained the following spells:

 Spells                   Type           Power      Damage    Failure   Level
 Apportation              Tloc           0%         N/A       54%         1
 Beastly Appendage        Tmut           0%         N/A       54%         1
 Necrotise                Necr           0%         1d4       54%         1
 Wereblood                Tmut           0%         N/A       69%         2
 Ignite Poison            Fire/Tmut/Pois 0%         N/A       89%         3
 Mephitic Cloud           Conj/Pois/Air  0%         N/A       89%         3
 Spider Form              Tmut/Pois      0%         N/A       89%         3
 Vampiric Draining        Necr           0%         2d6       89%         3
 Airstrike                Air            0%         2d(0-16)  100%        4
 Summon Lightning Spire   Summ/Air       0%         N/A       100%        4
 Agony                    Necr           0%         N/A       100%        5
 Alistair's Intoxication  Tmut/Pois      0%         N/A       100%        5
 Freezing Cloud           Conj/Ice/Air   0%         6-21      100%        5
 Lightning Bolt           Conj/Air       0%         1d11      100%        5
 Borgnjor's Revivificati  Necr           0%         N/A       100%        8
 Necromutation            Tmut/Necr      0%         N/A       100%        8
 Death's Door             Necr           0%         N/A       100%        9


Dungeon Overview and Level Annotations

Branches:
Dungeon (12/15)            Temple (1/1) D:5            Lair (5/5) D:10
  Swamp (0/4) Lair:2       Spider (1/4) Lair:3        Slime (0/5) Lair:5
  Sewer (visited)          Bailey (visited)         Gauntlet (visited)
    Orc: D:9-12

Altars:
Ashenzari
Cheibriados
Dithmenos
Gozag
Hepliaklqana
Kikubaaqudgha
Makhleb
Okawaru
Qazlal
Trog
Uskayaw
Vehumet
Xom
Jiyva
Lugonu

Shops:
D:1 [   D:10 *

Portals:
Abyss: Lair:5
Trove: D:10 (give +3 gold dragon scales)

Annotations:
D:12 Gastronok
Lair:5 1 runed translucent door


Innate Abilities, Weirdness & Mutations

You have a pair of large horns on your head.
You have an unnaturally thin skeletal structure. (Dex +6, Stealth+++)
Your demonic aura sometimes causes spilled blood to erupt in flames.
When hurt, damage is shared between your health and your magic reserves.
You regenerate magic rapidly.
You are strong-willed. (Will+)
You are somewhat resistant to further mutation.


Message History

You feel you are being watched by something.
You feel your power leaking away. You block something's attack.
Something hits you. Something stings you.
You feel clumsy.
You see here a jumping spider corpse.
Unknown command.
Something hits you but does no damage. x2; Something stings you!
The wolf spider is engulfed in blazing flames.
You feel you are being watched by something.
You feel your power leaking away.
The wolf spider's wounds heal themselves!
Unknown command.
You feel you are being watched by something.
Something hits you but does no damage. Something hits you.
You feel dopey.
Something stings you but does no damage.
You feel you are being watched by something.
You feel your power leaking away. Something hits you!
You feel clumsy. Something completely misses you. Something stings you.
You feel you are being watched by something.
The wolf spider is engulfed in blazing flames.
Something hits you but does no damage. Something hits you!
You feel clumsy.
Something stings you but does no damage.
The wolf spider is engulfed in blazing flames.
You feel you are being watched by something.
You feel your power leaking away.
The wolf spider attacks as you move away!
The wolf spider hits you! The wolf spider bites you!
* * * LOW HITPOINT WARNING * * *
The wolf spider attacks as you move away!
The wolf spider hits you!
* * * LOW HITPOINT WARNING * * *
The wolf spider closely misses you.
The wolf spider is engulfed in blazing flames.
You feel you are being watched by something.
Something hits you but does no damage. Something hits you!
You die...

........†.......^#
..>#.......##..#.#
.. #..........## .
....#.....°.#
..#.#.....#..#
...^............^#
....##....#.#..s##
#.........#.#.○{##
..............#s@#
............#....#
...#........#...##
#.......##.......#
.................#
...?.#....#....^.#
...........##...##
...#.#..#.....^##
.#.....[....#.##


You could see 2 wolf spiders.

Vanquished Creatures
  An emperor scorpion (Spider:1)
  Snorg (D:10)
  The ghost of Zeldest the Orthodox, a journeyman MeWn of Zin (Lair:1)
  A minotaur (Gauntlet)
  The ghost of spiderkeys the Destroyer, a journeyman OpFE of Vehumet (Lair:1)
  4 hydras
  A great orb of eyes (Gauntlet)
  2 ghost crabs (Spider:1)
  3 two-headed ogres
  2 radroaches (Spider:1)
  11 death yaks
  Urug (D:11)
  4 thrashing horrors (Lair:5)
  Nergalle (D:11)
  A fire crab (Gauntlet)
  A steelbarb worm (Spider:1)
  2 orc knights (Bailey)
  Pikel (D:5)
  A lindwurm (Lair:4)
  A wolf spider (Spider:1)
  A cyclops (D:10)
  4 oklob plants (Lair:4)
  An orc sorcerer (Bailey)
  2 ugly things (Gauntlet)
  Joseph (D:8)
  12 elephants
  A smoke demon (Lair:5)
  6 black mambas
  Maggie (D:7)
  16 cane toads
  2 gargoyles
  A minotaur zombie (Gauntlet)
  A torpor snail (Lair:3)
  2 rime drakes
  10 komodo dragons
  An efreet (D:10)
  A kobold demonologist (Bailey)
  2 ancient zymes (Lair:5)
  5 trolls
  6 tyrant leeches
  A wind drake (shapeshifter) (Lair:5)
  Grinder (D:3)
  5 polar bears
  2 tarantellas (Spider:1)
  2 hornets
  25 blink frogs
  2 jumping spiders (Spider:1)
  3 slime creatures (D:11)
  A large abomination (Lair:5)
  A shadow (D:11)
  3 ynoxinuls (Lair:5)
  6 culicivoras
  A vampire (D:10)
  Sigmund (D:5)
  2 wraiths (D:10)
  5 wyverns
  3 basilisks
  Eustachio (D:4)
  A chaos spawn (Lair:5)
  87 yaks
  3 steam dragons
  4 fire bats (Gauntlet)
  10 redbacks
  12 small abominations (Lair:5)
  Edmund (D:5)
  7 vampire mosquitoes (Spider:1)
  A swamp worm (Lair:2)
  2 acid dragons
  9 water moccasins
  A hell hound (Gauntlet)
  5 ice beasts
  14 orc warriors
  A sky beast (D:6)
  A black bear (D:6)
  9 wolves
  2 ogres (D:6)
  7 centaurs
  2 phantoms
  2 lemures (D:5)
  Blork the orc (D:5)
  2 kobold brigands (D:10)
  14 bullfrogs
  2 scorpions
  14 wights
  15 killer bees
  A crimson imp (D:8)
  3 hounds
  4 gnoll boudas
  3 jellies (Sewer)
  Crazy Yiuf (D:7)
  5 orc priests
  Ijyb (D:5)
  Natasha (thrice) (D:4)
  3 iguanas
  10 orc wizards
  3 river rats
  13 adders
  22 gnolls
  6 white imps
  An ufetubus (D:4)
  7 worms
  5 dart slugs
  52 orcs
  11 ball pythons
  5 bats
  7 endoplasms
  5 giant cockroaches
  17 goblins
  9 hobgoblins
  10 jackals (D:2)
  8 kobolds
  5 quokkas
  4 frilled lizards
  13 rats
648 creatures vanquished.

Vanquished Creatures (collateral kills)
  An iguana (D:5)
1 creature vanquished.

Vanquished Creatures (others)
  An orb spider (Spider:1)
  A tyrant leech (Spider:1)
  A bush (Lair:5)
  A demonic plant (D:2)
  28 fungi
  46 plants
  A withered plant (Gauntlet)
79 creatures vanquished.

Grand Total: 728 creatures vanquished

Notes
Turn   | Place    | Note
-------+----------+-------------------------------------------
     0 | D:1      | Newt the Demonspawn Gladiator began the quest for the Orb.
     0 | D:1      | Reached XP level 1. HP: 16/16 MP: 1/1
    58 | D:1      | Found Buomimof's Armour Shoppe.
   161 | D:1      | Reached skill level 1 in Stealth
   284 | D:1      | Gained mutation: You have a somewhat thin skeletal
                  | structure. (Dex +2, Stealth+) [demonic ancestry]
   284 | D:1      | Reached XP level 2. HP: 21/22 MP: 2/2
   747 | D:1      | Reached XP level 3. HP: 28/28 MP: 3/3
  1996 | D:2      | Found a faded altar of an unknown god.
  2084 | D:2      | Gained mutation: Your demonic aura sometimes causes spilled
                  | blood to erupt in flames. [demonic ancestry]
  2084 | D:2      | Reached XP level 4. HP: 30/37 MP: 4/4
  3024 | D:3      | Gained mutation: You have a pair of small horns on your
                  | head. [demonic ancestry]
  3024 | D:3      | Reached XP level 5. HP: 22/42 MP: 5/5
  3283 | D:3      | Found a burning altar of Makhleb.
  3394 | D:3      | Noticed Grinder
  3414 | D:3      | Killed Grinder
  3415 | D:3      | Reached skill level 5 in Short Blades
  3415 | D:3      | Gained mutation: You regenerate magic rapidly. [demonic
                  | ancestry]
  3415 | D:3      | Reached XP level 6. HP: 17/48 MP: 6/6
  3851 | D:4      | Noticed an ice beast
  3874 | D:3      | Killed an ice beast
  4088 | D:4      | Reached XP level 7. HP: 32/54 MP: 7/7
  4377 | D:4      | Noticed Eustachio
  4393 | D:4      | Killed Eustachio
  4617 | D:4      | Noticed Natasha
  4628 | D:4      | Killed Natasha
  4653 | D:4      | Noticed Natasha
  4661 | D:4      | Killed Natasha
  4980 | D:4      | Found a bloodstained altar of Trog.
  5048 | D:4      | Reached skill level 5 in Dodging
  5181 | D:4      | Noticed Natasha
  5190 | D:4      | Killed Natasha
  5290 | D:5      | Entered Level 5 of the Dungeon
  5345 | D:5      | Noticed Ijyb
  5349 | D:5      | Killed Ijyb
  5364 | D:5      | Noticed Blork the orc
  5366 | D:5      | Killed Blork the orc
  5375 | D:5      | Gained mutation: You have a pair of horns on your head.
                  | [demonic ancestry]
  5375 | D:5      | Reached XP level 8. HP: 60/60 MP: 8/8
  5396 | D:5      | Noticed Sigmund
  5405 | D:5      | Killed Sigmund
  5732 | D:5      | Found a glowing drain.
  5739 | Sewer    | Entered a sewer
  6127 | Sewer    | Found a viscous altar of Jiyva.
  6789 | D:5      | Found a staircase to the Ecumenical Temple.
  6825 | D:5      | Noticed Edmund
  6837 | D:5      | Killed Edmund
  6859 | D:5      | Noticed Pikel
  6870 | D:5      | Killed Pikel
  6871 | D:5      | Reached skill level 5 in Stealth
  6871 | D:5      | Gained mutation: You have a pair of large horns on your
                  | head. [demonic ancestry]
  6871 | D:5      | Reached XP level 9. HP: 49/65 MP: 9/9
  7329 | D:4      | Found an ancient bone altar of Kikubaaqudgha.
  7384 | Temple   | Entered the Ecumenical Temple
  7397 | Temple   | Became a worshipper of Dithmenos the Shadowed
  7481 | D:6      | Reached skill level 1 in Evocations
  7961 | D:6      | Reached * piety under Dithmenos
  8029 | D:6      | Reached skill level 5 in Evocations
  8043 | D:6      | Reached skill level 1 in Armour
  8148 | D:6      | Found an opulent altar of Gozag.
  8678 | D:7      | Gained mutation: When hurt, damage is shared between your
                  | health and your magic reserves. [demonic ancestry]
  8678 | D:7      | Reached XP level 10. HP: 65/71 MP: 10/10
  8765 | D:7      | Found a runed translucent door.
  8765 | D:7      | Noticed Maggie
  8768 | D:7      | Killed Maggie
  8769 | D:7      | Reached skill level 5 in Armour
  8769 | D:7      | Reached skill level 1 in Long Blades
  8769 | D:7      | Noticed Crazy Yiuf
  8780 | D:7      | Killed Crazy Yiuf
  8913 | D:7      | Reached skill level 2 in Long Blades
  8990 | D:7      | Found a broken altar of Ashenzari.
  9150 | D:8      | Reached skill level 3 in Long Blades
  9252 | D:8      | Reached skill level 1 in Invocations
  9337 | D:8      | Reached skill level 5 in Invocations
  9474 | D:8      | Reached ** piety under Dithmenos
  9513 | D:8      | You fall into a shaft and drop 3 floors!
  9538 | D:10     | Entered Level 10 of the Dungeon
  9540 | D:10     | Noticed Snorg
  9567 | D:10     | Killed Snorg
  9581 | D:10     | HP: 2/76 [troll (2)]
  9895 | D:10     | Reached XP level 11. HP: 81/81 MP: 15/15
  9937 | D:10     | Reached skill level 4 in Long Blades
  9969 | D:10     | Reached skill level 5 in Long Blades
 10062 | D:10     | Noticed a two-headed ogre
 10079 | D:10     | Killed a two-headed ogre
 10122 | D:10     | Reached skill level 6 in Long Blades
 10397 | D:10     | Found a staircase to the Lair.
 10430 | D:10     | Reached *** piety under Dithmenos
 10508 | D:10     | Found Jueweuc's General Store.
 10522 | D:10     | Bought a scroll of teleportation for 36 gold pieces
 10522 | D:10     | Bought a scroll of silence for 114 gold pieces
 10788 | D:10     | Found a portal to a secret trove of treasure.
 10870 | D:11     | Found an iron altar of Okawaru.
 10947 | D:11     | Noticed Urug
 10963 | D:11     | Killed Urug
 11219 | D:11     | Noticed Nergalle
 11226 | D:11     | Killed Nergalle
 11227 | D:11     | Reached skill level 7 in Long Blades
 11628 | D:12     | Noticed Gastronok
 11764 | D:9      | Reached skill level 8 in Long Blades
 11775 | D:9      | Noticed a two-headed ogre
 11787 | D:9      | Killed a two-headed ogre
 11788 | D:9      | Gained mutation: You have a moderately thin skeletal
                  | structure. (Dex +4, Stealth++) [demonic ancestry]
 11788 | D:9      | Reached XP level 12. HP: 68/88 MP: 12/16
 11808 | D:9      | Found a flagged portal.
 11831 | Bailey   | Entered a bailey
 11878 | Bailey   | Reached **** piety under Dithmenos
 11950 | Bailey   | Acquired a manual of Long Blades
 11993 | Bailey   | Found an iron altar of Okawaru.
 12672 | D:9      | Noticed a two-headed ogre
 12681 | D:9      | Killed a two-headed ogre
 13604 | D:8      | Noticed Joseph
 13619 | D:8      | Killed Joseph
 13868 | Lair:1   | Entered Level 1 of the Lair of Beasts
 13877 | Lair:1   | Found a runed translucent gate.
 13878 | Lair:1   | Found a runed translucent gate.
 13881 | Lair:1   | Found a runed translucent gate.
 13891 | Lair:1   | Noticed spiderkeys's ghost (journeyman OpFE)
 13891 | Lair:1   | Noticed Zeldest's ghost (journeyman MeWn)
 13921 | Lair:1   | Killed spiderkeys's ghost
 13932 | Lair:1   | Killed Zeldest's ghost
 13943 | Lair:1   | Identified the +6 ring mail "Uraozyown" {Str+4}
 14346 | Lair:1   | Noticed a four-headed hydra
 14353 | Lair:1   | Killed a four-headed hydra
 14354 | Lair:1   | Reached skill level 10 in Armour
 14354 | Lair:1   | Reached skill level 9 in Long Blades
 14486 | Lair:1   | You fall into a shaft and drop 1 floor!
 14620 | Lair:2   | Found a staircase to the Swamp.
 14642 | Lair:2   | Reached skill level 10 in Long Blades
 14734 | Lair:2   | Reached XP level 13. HP: 87/93 MP: 15/17
 14801 | Lair:2   | Reached skill level 11 in Long Blades
 14935 | Lair:2   | Reached ***** piety under Dithmenos
 15120 | Lair:2   | Reached skill level 12 in Long Blades
 15428 | Lair:3   | Found a gate leading to a gauntlet.
 15472 | Gauntlet | Entered a Gauntlet
 15472 | Gauntlet | Found a transporter.
 15475 | Gauntlet | Found a transporter.
 15477 | Gauntlet | Found a transporter.
 15479 | Gauntlet | Found a transporter.
 15480 | Gauntlet | Found a transporter.
 15481 | Gauntlet | Found a transporter.
 15491 | Gauntlet | Found a transporter.
 15492 | Gauntlet | Found a transporter.
 15511 | Gauntlet | Found a transporter.
 15528 | Gauntlet | Found a transporter.
 15532 | Gauntlet | Found a transporter.
 15540 | Gauntlet | Found a transporter.
 15558 | Gauntlet | Paralysed by a great orb of eyes for 5 turns
 15570 | Gauntlet | Reached skill level 13 in Long Blades
 15580 | Gauntlet | Identified the ring of Eklac {Drain rCorr Str+4 Dex+6}
 15616 | Gauntlet | Identified the +0 pair of boots "Boqo" {Fly rPois Int+3}
 15635 | Gauntlet | Noticed a minotaur
 15647 | Gauntlet | Killed a minotaur
 15652 | Gauntlet | Reached skill level 14 in Long Blades
 15666 | Gauntlet | Identified the ring of Lacs {Ice Str+5 Stlth-}
 16195 | Lair:3   | Found a hole to the Spider Nest.
 16442 | Lair:3   | Reached skill level 10 in Invocations
 17001 | Lair:4   | Gained mutation: You have an unnaturally thin skeletal
                  | structure. (Dex +6, Stealth+++) [demonic ancestry]
 17001 | Lair:4   | Reached XP level 14. HP: 105/105 MP: 21/21
 17346 | Lair:4   | Gained mutation: You are frail. (-10% HP) [potion of
                  | mutation]
 17346 | Lair:4   | Gained mutation: You occasionally lose the ability to drink
                  | potions when taking damage. [potion of mutation]
 17347 | Lair:4   | Lost mutation: You occasionally lose the ability to drink
                  | potions when taking damage. [potion of mutation]
 17347 | Lair:4   | Lost mutation: You are frail. (-10% HP) [potion of
                  | mutation]
 17347 | Lair:4   | Gained mutation: You are clumsy. (Dex -2) [potion of
                  | mutation]
 17347 | Lair:4   | Gained mutation: Your spells are a little harder to cast,
                  | but a little more powerful. [potion of mutation]
 17946 | Lair:5   | Entered Level 5 of the Lair of Beasts
 18007 | Lair:5   | Reached skill level 10 in Fighting
 18098 | Lair:5   | Reached skill level 1 in Shields
 18492 | Lair:5   | Reached skill level 5 in Shields
 18923 | Lair:5   | Found a corrupted altar of Lugonu.
 18923 | Lair:5   | Found a one-way gate to the infinite horrors of the Abyss.
 19101 | Lair:5   | Reached ****** piety under Dithmenos
 19196 | Lair:5   | Reached XP level 15. HP: 115/115 MP: 22/22
 19250 | Lair:5   | Found a runed translucent door.
 19326 | Lair:5   | Found a viscous altar of Jiyva.
 19327 | Lair:5   | Noticed an azure jelly
 19328 | Lair:5   | Noticed an azure jelly
 19331 | Lair:5   | Found a staircase to the Slime Pits.
 19506 | Lair:1   | Lost mutation: Your spells are a little harder to cast, but
                  | a little more powerful. [potion of mutation]
 19506 | Lair:1   | Lost mutation: You are clumsy. (Dex -2) [potion of
                  | mutation]
 19506 | Lair:1   | Gained mutation: You are strong-willed. (Will+) [potion of
                  | mutation]
 19506 | Lair:1   | Gained mutation: You are somewhat resistant to further
                  | mutation. [potion of mutation]
 19902 | Spider:1 | Entered Level 1 of the Spider Nest
 19922 | Spider:1 | Reached skill level 10 in Evocations
 20497 | Spider:1 | Noticed an emperor scorpion
 20560 | Spider:1 | Killed an emperor scorpion
 20705 | Spider:1 | Slain by a ghost moth

Illustrated notes

Levels and vault maps discovered:
D:1:      dpeg_arrival_three_same_balls, layout_basic, serial_shops,
          nicolae_shop_temple_entry_statues_fountains, minmay_misc_feat_cross,
          minmay_cupped
D:2:      layout_loops_ring, dreamdust_ecumenical_altar_sealed_demon,
          hangedman_decor_slide_cut, st_stairs_11
D:3:      layout_rooms, bloody_makhleb, serial_rivers,
          chequers_serial_rivers_micro_c, chequers_serial_rivers_room_a,
          chequers_serial_rivers_marsh, chequers_serial_rivers_micro_d,
          kennysheep_generic_room_11, uniq_grinder
D:4:      layout_rooms, nicolae_overflow_hidden_temple,
          mainiacjoe_overflow_surrounded_room, uniq_eustachio, uniq_natasha
D:5:      layout_basic, minmay_temple_entry_butterflies, gup_sewer_entry_spiral,
          nicolae_eternal_life, uniq_ijyb, uniq_pikel, uniq_edmund,
          uniq_sigmund, uniq_blork_the_orc
D:6:      layout_basic, mainiacjoe_overflow_paths,
          minmay_fractal_squares_diagonal_5
D:7:      layout_rooms, gammafunk_temple_overflow_elements,
          uniq_crazy_yiuf_cottage, uniq_maggie
D:8:      layout_loops_ring, mainiacjoe_overflow_boulevard,
          minmay_fire_ice_demons, uniq_joseph
D:9:      layout_loops_ring, enter_bailey_4
D:10:     cheibrodos_fzero, layout_loops_ring, lair_entry_dummy, serial_shops,
          nicolae_shop_window_shopping, nicolae_trove_entry_crystal, uniq_snorg
D:11:     layout_long_grid, kennysheep_okawaru_gauntlet, uniq_urug,
          uniq_nergalle
D:12:     layout_basic, david_orc_2, uniq_gastronok
Temple:   hellmonk_temple_of_storms
Lair:1:   layout_regular_city, gammafunk_ghost_cemetery, serial_forest,
          infiniplex_forest_end_3, infiniplex_forest_straight_2,
          infiniplex_forest_end_2, infiniplex_forest_straight_4,
          infiniplex_forest_join, infiniplex_forest_lined_3,
          serial_bayou_shore_b
Lair:2:   layout_loops_ring, minmay_swamp_entry_worms, guppyfry_lair_drakes
Lair:3:   cheibrodos_lair_river_kwai, layout_loops_ring,
          hellmonk_spider_entry_life_and_decay, gauntlet_entry_generic,
          lemuel_old_faithful
Lair:4:   minmay_lair_oklob_tunnel, layout_long_grid, beast_lair_carwin_1,
          grunt_megastairs_3
Lair:5:   hellmonk_lair_end_abyssal_woods, layout_hall_layers, slime_entry_2,
          st_stairs_12
Spider:1: layout_spider_delve, nicolae_spider_swamp_cousins

Skill      XL: |  1  2  3  4  5  6  7  8  9 10 11 12 13 14 15 |
---------------+----------------------------------------------+-----
Stealth        | 1 2 4 5 6 7 |  7.3
Fighting       | 3 4 6 8 10 | 10.0
Short Blades   | 3 5 8 |  8.0
Dodging        | 5 |  5.0
Throwing       | 3 4 |  4.0
Evocations     | 5 8 9 11 | 11.3
Armour         | 4 5 10 | 10.0
Long Blades    | 3 8 10 14 | 14.2
Invocations    | 6 10 | 10.0
Shields        | 8 |  8.0

Action                   |  1- 3 |  4- 6 |  7- 9 | 10-12 | 13-15 || total
-------------------------+-------+-------+-------+-------+-------++-------
Melee: Rapier            |    33 |       |       |       |       ||    33
       Dagger            |    96 |   150 |   490 |   129 |    59 ||   924
       Punch             |     2 |     1 |     8 |     1 |       ||    12
       Headbutt          |       |    10 |    99 |   150 |   309 ||   568
       Great sword       |       |       |    13 |   401 |       ||   414
       Long sword        |       |       |       |   113 |   921 ||  1034
       Falchion          |       |       |       |    18 |       ||    18
Throw: Stone             |     5 |     2 |     1 |       |       ||     8
       Throwing net      |     2 |       |     1 |     3 |       ||     6
       Dart              |       |       |     2 |       |       ||     2
Invok: Shadow Step       |       |       |       |     2 |     4 ||     6
Evoke: Wand              |       |       |       |     4 |     1 ||     5
  Use: Scroll            |     1 |     5 |     5 |    11 |     7 ||    29
       Potion            |       |       |     2 |     7 |    11 ||    20
 Stab: Sleeping          |     7 |     5 |    25 |    41 |    41 ||   119
       Held in net/web   |     1 |       |       |       |       ||     1
       Distracted        |     1 |       |       |       |     9 ||    10
       Paralysed         |       |       |       |     5 |     4 ||     9
Armor: Leather armour    |    36 |    40 |    73 |     7 |       ||   156
       Troll leather arm |       |       |       |    84 |       ||    84
       Ring mail         |       |       |       |    17 |   442 ||   459
Dodge: Dodged            |    72 |    82 |   209 |   559 |   618 ||  1540
Block: Buckler           |       |       |       |    11 |   250 ||   261

Table legend: (Time is in decaauts)
 A = Elapsed time spent in this place.
 B = Non-inter-level travel time spent in this place.
 C = Inter-level travel time spent in this place.
 D = Time resting spent in this place.
 E = Time spent auto-exploring this place.
 F = Levels seen in this place.
 G = Mean time per level.
                   A        B        C        D        E       F      G
               +--------+--------+--------+--------+--------+-----+--------+
         Total |  20335 |  18765 |   1570 |   3627 |   8963 |  22 |  924.3 |
       Dungeon |  12650 |  11514 |   1136 |   2754 |   5384 |  12 | 1054.2 |
        Temple |     20 |     20 |      0 |      0 |      5 |   1 |   20.0 |
          Lair |   5856 |   5423 |    433 |    538 |   3189 |   5 | 1171.2 |
   Spider Nest |    489 |    489 |      0 |    108 |      0 |   1 |  489.0 |
         Sewer |    603 |    603 |      0 |    142 |    325 |   1 |  603.0 |
        Bailey |    527 |    527 |      0 |     85 |     52 |   1 |  527.0 |
      Gauntlet |    187 |    187 |      0 |      0 |      5 |   1 |  187.0 |
               +--------+--------+--------+--------+--------+-----+--------+

Top non-repeatable levels by time:
     D:5: 1738 daAuts
     D:2: 1550 daAuts
     D:3: 1452 daAuts
    D:10: 1375 daAuts
  Lair:3: 1332 daAuts
  Lair:4: 1298 daAuts
  Lair:5: 1286 daAuts
     D:1: 1259 daAuts
     D:4: 1139 daAuts
  Lair:1: 996 daAuts
  Lair:2: 943 daAuts
     D:9: 933 daAuts
     D:6: 902 daAuts
    D:11: 829 daAuts
     D:8: 826 daAuts
